Map: Abyssal Reef LE

Players

NeO - Winner!

  • Race: Terran Terran
  • League: Diamond
  • Spawn Location: 5:00

Special

  • Race: Terran Terran
  • League: Platinum
  • Spawn Location: 11:00

VOD

Have the link to the VOD?

Description

Time

  • Played on: Sept. 20, 2017, 9:33 p.m.
  • Length: 5:39
Show
View Real Time Build Order
Export as new Build Order

NeO Terran - Winner!

Build Orders: 1/1/1, Cyclone Opening 

Get SALT Encoding   

  12  0:00  SCV  
  13  0:13  SCV  
  14  0:17  Supply Depot  
  14  0:26  Refinery  
  14  0:27  SCV  
  15  0:41  Barracks  
  15  0:47  Refinery  
  15  0:51  SCV  
  16  1:03  SCV  
  17  1:15  SCV  
  18  1:28  SCV  
  18  1:30  Reaper  
  18  1:32  Factory  
  20  1:44  Orbital Command  
  20  1:54  Supply Depot  
  20  2:02  Reaper  
  22  2:19  Cyclone  
  25  2:27  Starport  
  24  2:37  Barracks Tech Lab  
  24  2:38  SCV  
  25  2:50  SCV  
  24  3:24  Raven  
  26  3:29  Factory Tech Lab  
  26  3:30  Barracks Reactor  
  26  3:40  Command Center  
  26  3:48  Siege Tank  
  29  4:24  Command Center  
  29  4:32  Barracks x2  
  29  4:51  Siege Tank  
  32  4:56  Orbital Command  
  32  5:14  Marine  
Show
View Real Time Build Order
Export as new Build Order

Special Terran 

Build Orders:  

Get SALT Encoding   

  12  0:01  SCV  
  13  0:13  SCV  
  14  0:17  Supply Depot  
  14  0:25  SCV  
  15  0:38  SCV  
  15  0:40  Barracks  
  16  0:51  SCV  
  16  0:56  Refinery  
  17  1:03  SCV  
  18  1:15  SCV  
  19  1:28  Marine  
  19  1:29  Orbital Command  
  20  1:55  Command Center  
  20  1:56  Barracks Reactor, SCV  
  21  2:06  Supply Depot  
  20  2:09  SCV  
  21  2:21  SCV, Barracks  
  22  2:32  Barracks  
  22  2:33  SCV  
  22  2:35  Marine x2  
  24  2:47  SCV  
  25  2:53  Marine x2  
  27  3:04  SCV  
  27  3:09  Barracks Tech Lab  
  27  3:11  Marine x2  
  29  3:23  SCV  
  29  3:29  Marine x2  
  29  3:35  Bunker  
  29  3:39  Marine  
  28  3:46  Barracks Reactor  
  28  3:47  Marine  
  26  3:55  Marine  
  24  3:57  Marine  
  24  4:12  Marine  
  24  4:15  Marine  
  24  4:19  Bunker  
  22  4:24  Marine x2  
  24  4:35  Marine  
  24  4:37  Supply Depot  
  23  4:41  Supply Depot  
  23  4:45  Marine  
  23  4:47  Marine  
  23  4:54  Supply Depot  
  23  4:59  Marine  
  23  5:02  Marine  
  23  5:03  Marine  
Tags
 
Add a new tag
Caveats
  • Supply blocks, unpowered buildings, or Contaminate may cause inaccurate times.
  • Supply counts are checked every 10 seconds.